cohdb
Replays
Latest Replays
All Replays
Popular Replays
Top Player Replays
Match Explorer
How It Works
Community
CoH3 Stats
Reddit
Sign in to upload your games and track your stats! →
Sign in with Steam
Match 46737394
Unlisted
Match 46737394
Overview
Messages
Build Orders
End
Pioneer Squad
Construct Infanterie Kompanie
Grenadier Squad
Grenadier Squad
Selects Terror Battlegroup
Selects Machine Gun Camouflage
MG 42 Machine Gun Team
MG 42 Machine Gun Team
Construct Luftwaffe Kompanie
Flak 30 Anti-aircraft Gun Team
Support Elements
Wirbelwind Flakpanzer
Medical Bunker
Jäger Squad
Selects No Quarter
Jäger Squad
Jäger Squad
Selects King Tiger Heavy Tank
Selects Contempt for the Weak
King Tiger Heavy Tank
UMirinBrah?
Tonimontana
0
0
Comments
sign in to comment!
No comments posted yet!